 Dungeon Crawl Stone Soup version 0.31-a0-516-gfcb59812bd (webtiles) character file.

Game seed: 14601087356946053321

2 GordonOverkill the Sneak (level 1, 0/11 HPs)
             Began as a Vine Stalker Delver on Aug 10, 2023.
             Was an Initiate of Hepliaklqana.
             Splashed by a jelly's acid (2 damage)
             ... on level 6 of the Dungeon.
             The game lasted 00:01:44 (276 turns).

GordonOverkill the Sneak (Vine Stalker Delver)       Turns: 276, Time: 00:01:45

Health: 0/11       AC:  3    Str: 14    XL:     1   Next: 30%
Magic:  0/2        EV: 11    Int: 10    God:    Hepliaklqana [......]
Gold:   0          SH:  0    Dex: 15    Spells: 0/0 levels left

rFire   . . .        a - +0 short sword
rCold   . . .        (no shield)
rNeg    . . .        b - +0 leather armour
rPois   .            (no helmet)
rElec   .            (no cloak)
rCorr   .            (no gloves)
SInv    .            (no boots)
Will    .....        (no amulet)
Stlth   +++          (no ring)
HPRegen 0.21/turn    (no ring)
MPRegen 0.08/turn

%: guardian spirit
@: hasted (expiring), very quick
A: fangs 2, magic shield, antimagic bite, no potion heal 2
a: Renounce Religion


You were on level 6 of the Dungeon.
You worshipped Hepliaklqana.
Hepliaklqana was noncommittal.
You visited 1 branch of the dungeon, and saw 3 of its levels.

Inventory:

Hand Weapons
 a - a +0 short sword (weapon)
Missiles
 h - 2 poisoned darts (quivered)
Armour
 b - a +0 leather armour (worn)
 f - a +0 pair of gloves
Wands
 g - a wand of digging (3)
Scrolls
 c - a scroll of fog
 d - a scroll of revelation
 e - a scroll of fear


   Skills:
 - Level 2.6 Fighting
 + Level 2.0 Short Blades
 + Level 0.0 Throwing
 - Level 1.5 Dodging
 - Level 6.0 Stealth
 + Level 0.0 Invocations


You couldn't memorise any spells.
You didn't know any spells.
Your spell library contained the following spells:

 Spells                   Type           Power      Damage    Failure   Level
 Gell's Gravitas          Tloc           0%         N/A       82%         3
 Teleport Other           Tloc           0%         N/A       82%         3
 Dispersal                Tloc           0%         N/A       100%        6


Dungeon Overview and Level Annotations

Branches:
Dungeon (7/15)
 Temple: D:4-7

Altars:
Cheibriados
Hepliaklqana
Okawaru
Uskayaw

Annotations:
D:5 3 runed translucent doors


Innate Abilities, Weirdness & Mutations

You have extremely sharp teeth.
When hurt, damage is shared between your health and your magic reserves.
Your bite disrupts and absorbs the magic of your enemies.
Potions cannot restore your health.


Message History

Found 13 gold pieces.
As you open the door, it creaks loudly!
The jelly quivers.
There is an open door here.
A jelly comes into view.
The jelly quivers.
The jelly hits you but does no damage. The jelly attacks as you move away!
The jelly hits you.
You are splashed with acid!
Ouch! That really hurt!
* * * LOW HITPOINT WARNING * * *
You feel yourself speed up. The jelly barely misses you.
A sleepcap comes into view.
The sleepcap moves out of view.
You open the door.
There is an open door here.
A kobold brigand and 3 kobolds come into view.
The kobold brigand is wielding a +0 dagger and quivering curare-tipped darts.
Found a pair of gloves.
The kobold brigand shouts!
The kobold shouts! x2; You hear a shout!
The kobold shouts!
You hear a shout!
A kobold comes into view. It is wielding a +0 dagger.
Found a scroll labelled EFEOTI IXT.
You see here a +0 pair of gloves.
f - a +0 pair of gloves Unknown command.
Okay, then.
You aren't carrying any potions.
Unknown command.
The jelly barely misses you.
You hit the jelly.
Your hands burn!
* * * LOW HITPOINT WARNING * * *
The jelly is lightly wounded.
The jelly hits you but does no damage.
You hit the jelly.
Your hands burn!
* * * LOW HITPOINT WARNING * * *
The jelly is moderately wounded.
Your extra speed is starting to run out.
You hit the jelly.
Your hands burn!
You die...

#..............K..#
#.K...............#
.KK..#.###.......?..K#
..K. #...#...........#
.... #...###########.#
....##J### #.##
#.........# #..#
#.........###########K#
#...........@......K..#
#.f........J#8..8#....#
#..........##....##...#
###+#####.##......##..#
Y....###$$$$###..#
....##########..#
..>..#⌠......⌠#..#
.....#.._.._..#..#
###+.#⌠......⌠#..#


You could see a jelly and a kobold.

Vanquished Creatures
  An orc (D:6)
1 creature vanquished.

Notes
Turn   | Place    | Note
-------+----------+-------------------------------------------
     0 | D:5      | GordonOverkill the Vine Stalker Delver began the quest for
                  | the Orb.
     0 | D:5      | Reached XP level 1. HP: 11/11 MP: 2/2
    52 | D:5      | Found a runed translucent gate.
    52 | D:5      | Noticed an ogre
    59 | D:5      | Noticed a scorpion
    98 | D:6      | Found a hazy altar of Hepliaklqana.
   101 | D:6      | Became a worshipper of Hepliaklqana the Forgotten
   162 | D:6      | Noticed an ogre
   176 | D:7      | Noticed a wyvern
   176 | D:7      | Found an iron altar of Okawaru.
   182 | D:6      | Noticed a gnoll bouda
   192 | D:6      | Found a hide-covered altar of Uskayaw.
   193 | D:6      | Found a snail-covered altar of Cheibriados.
   193 | D:6      | Noticed a sky beast
   199 | D:6      | Noticed a jelly
   213 | D:6      | Noticed a jelly
   227 | D:6      | Noticed a sleepcap
   234 | D:6      | Noticed a kobold brigand
   276 | D:6      | Splashed by a jelly's acid

Illustrated notes

Levels and vault maps discovered:
D:5:      layout_basic, gammafunk_ghost_split, dk_vineyard_1
D:6:      lemuel_insect_pit, layout_gridville, nzn_hepliaklqana_mist_gate,
          jmf_multi_god_temple, minmay_temple_entry_mist,
          minmay_misc_feat_plants, minmay_misc_feat_iff, uniq_pikel
D:7:      layout_rooms, grunt_temple_overflow_open, enter_bailey_5,
          kennysheep_small_circle, uniq_duvessa, uniq_maggie

Skill      XL: |  1 |
---------------+----+-----
Short Blades   | 2 |  2.0
Fighting       | |  2.6
Dodging        | |  1.5
Stealth        | |  6.0

Action                     || total
---------------------------++-------
  Melee: Short sword       ||     6
         Bite              ||     1
    Use: Potion            ||     1
 Armour: Leather armour    ||     2
  Dodge: Dodged            ||     2

Table legend: (Time is in decaauts)
 A = Elapsed time spent in this place.
 B = Non-inter-level travel time spent in this place.
 C = Inter-level travel time spent in this place.
 D = Time resting spent in this place.
 E = Time spent auto-exploring this place.
 F = Levels seen in this place.
 G = Mean time per level.
                   A        B        C        D        E       F      G
               +--------+--------+--------+--------+--------+-----+--------+
         Total |    258 |    258 |      0 |      8 |     19 |   3 |   86.0 |
       Dungeon |    258 |    258 |      0 |      8 |     19 |   3 |   86.0 |
               +--------+--------+--------+--------+--------+-----+--------+

Top non-repeatable levels by time:
     D:6: 187 daAuts
     D:5: 69 daAuts
     D:7: 1 daAuts
